PA
COLUMBIA RIVER RATS @ WALLA WALLA WALLEYE
08/19/2031
 
TOP OF THE 1ST
Columbia River Rats batting - Pitching for Walla Walla Walleye : LHP Greguorio Espora
Pitching: LHP Greguorio Espora
Batting: RHB Luis Romero 0-0: Fly out, F9 (Flyball, 9)
Batting: RHB Werner Bowman 0-0: Ball
1-0: Foul Ball, location: 2F
1-1: Ball
2-1: Ground out 5-3 (Groundball, 56)
Batting: SHB Jeffery Simpson 0-0: Ball
1-0: Called Strike
1-1: Ball
2-1: Foul Ball, location: 2F
2-2: Ball
3-2: Fly out, F8 (Flyball, 8RD)
Top of the 1st over - 0 runs, 0 hits, 0 errors, 0 left on base; Columbia 0 - Walla Walla 0
BOTTOM OF THE 1ST
Walla Walla Walleye batting - Pitching for Columbia River Rats : LHP Larry Duille
Pitching: LHP Larry Duille
Batting: RHB Dave Sosa 0-0: Hit by Pitch
Batting: RHB Igme Samson 0-0: Fly out, F4 (Line Drive, 34)
Batting: RHB Raúl Maradona 0-0: Ball
1-0: Called Strike
1-1: Swinging Strike
1-2: Ball
2-2: Strikes out looking
Batting: LHB José Román 0-0: Ball
1-0: Ball
2-0: SINGLE (Flyball, 8LS)
Dave Sosa to second
Batting: RHB Gustavo Ortíz 0-0: Called Strike
0-1: Ball
1-1: SINGLE (Flyball, 89M)
Dave Sosa to third
José Román to second
Runner from 3rd tries for Home, SAFE, no throw
Batting: LHB Mo Eayrs 0-0: SINGLE (Groundball, 34D)
José Román to third
Gustavo Ortíz to second
Runner from 3rd tries for Home, SAFE, throw made home
Batting: RHB Jesús Santillian 0-0: Ball
1-0: Called Strike
1-1: Ball
2-1: Ball
3-1: Base on Balls
Gustavo Ortíz to third
Mo Eayrs to second
Batting: LHB Andrés Rodríguez 0-0: Foul Ball, location: 2F
0-1: Foul Ball, location: 2F
0-2: Ball
Wild Pitch!
Gustavo Ortíz scores
Mo Eayrs to third
Jesús Santillian to second
1-2: Ball
2-2: Strikes out swinging
Bottom of the 1st over - 3 runs, 3 hits, 0 errors, 2 left on base; Columbia 0 - Walla Walla 3
TOP OF THE 2ND
Columbia River Rats batting - Pitching for Walla Walla Walleye : LHP Greguorio Espora
Batting: RHB Tae-gyoon Ch'oe 0-0: Foul Ball, location: 2F
0-1: Ball
1-1: SINGLE (Line Drive, 56D)
Batting: RHB Shane Seim 0-0: Grounds into double play, 6-4-3 (Groundball, 56)
Batting: RHB Miguel Betancourt 0-0: Ball
1-0: Called Strike
1-1: Ball
2-1: Foul Ball, location: 2F
2-2: Ball
3-2: Fly out, F8 (Flyball, 8RM)
Top of the 2nd over - 0 runs, 1 hit, 0 errors, 0 left on base; Columbia 0 - Walla Walla 3
BOTTOM OF THE 2ND
Walla Walla Walleye batting - Pitching for Columbia River Rats : LHP Larry Duille
Batting: LHB Rurik Elhov 0-0: Ground out 4-3 (Groundball, 4)
Batting: RHB Dave Sosa 0-0: Ground out 6-3 (Groundball, 56)
Batting: RHB Igme Samson 0-0: Swinging Strike
0-1: Ball
1-1: Foul Ball, location: 2F
1-2: Foul Ball, location: 2F
1-2: Strikes out looking
Bottom of the 2nd over - 0 runs, 0 hits, 0 errors, 0 left on base; Columbia 0 - Walla Walla 3
TOP OF THE 3RD
Columbia River Rats batting - Pitching for Walla Walla Walleye : LHP Greguorio Espora
Batting: LHB Luis Serrano 0-0: Called Strike
0-1: Ball
1-1: Called Strike
1-2: Ball
2-2: Strikes out swinging
Batting: LHB DeMarvion Overshown 0-0: Called Strike
0-1: Called Strike
0-2: Fly out, F9 (Flyball, 89D)
Batting: LHB Edgar Castaneda 0-0: Ball
1-0: Foul Ball, location: 2F
1-1: Swinging Strike
1-2: Ground out 2-3 (Groundball, 13S)
Top of the 3rd over - 0 runs, 0 hits, 0 errors, 0 left on base; Columbia 0 - Walla Walla 3
BOTTOM OF THE 3RD
Walla Walla Walleye batting - Pitching for Columbia River Rats : LHP Larry Duille
Batting: RHB Raúl Maradona 0-0: Ball
1-0: Ball
2-0: Called Strike
2-1: Foul Ball, location: 2F
2-2: Fly out, F3 (Popup, 23F)
Batting: LHB José Román 0-0: Foul Ball, location: 2F
0-1: Called Strike
0-2: SINGLE (Groundball, 3S) (infield hit)
Batting: RHB Gustavo Ortíz 0-0: Called Strike
0-1: Ball
1-1: Ball
2-1: Called Strike
2-2: SINGLE (Flyball, 3D)
José Román to second
Runner from 2nd tries for 3rd, SAFE, throw made to third
Gustavo Ortíz to second
Batting: LHB Mo Eayrs 0-0: Ball
1-0: Ball
2-0: Ball
3-0: Base on Balls
Batting: RHB Jesús Santillian 0-0: Called Strike
0-1: Ball
1-1: Ball
2-1: Foul Ball, location: 2F
2-2: Foul Ball, location: 2F
2-2: Foul Ball, location: 2F
2-2: Ball
3-2: Foul Ball, location: 2F
3-2: Foul Ball, location: 2F
3-2: Grounds into fielders choice 5-2 (Groundball, 56S)
Gustavo Ortíz to third
Mo Eayrs to second
Batting: LHB Andrés Rodríguez 0-0: Foul Ball, location: 2F
0-1: Ground out 4-3 (Groundball, 4)
Bottom of the 3rd over - 0 runs, 2 hits, 0 errors, 3 left on base; Columbia 0 - Walla Walla 3
TOP OF THE 4TH
Columbia River Rats batting - Pitching for Walla Walla Walleye : LHP Greguorio Espora
Batting: RHB Luis Romero 0-0: Ball
1-0: SINGLE (Groundball, 25) (infield hit)
Batting: RHB Werner Bowman 0-0: Ball
1-0: Called Strike
1-1: Ball
2-1: Fly out, F8 (Flyball, 8LXD)
Batting: SHB Jeffery Simpson 0-0: Fly out, F9 (Flyball, 89D)
Batting: RHB Tae-gyoon Ch'oe 0-0: Fly out, F6 (Popup, 6S)
Top of the 4th over - 0 runs, 1 hit, 0 errors, 1 left on base; Columbia 0 - Walla Walla 3
BOTTOM OF THE 4TH
Walla Walla Walleye batting - Pitching for Columbia River Rats : LHP Larry Duille
Batting: LHB Rurik Elhov 0-0: Foul Ball, location: 2F
0-1: Swinging Strike
0-2: Fly out, F7 (Flyball, 7LS)
Batting: RHB Dave Sosa 0-0: Called Strike
0-1: Called Strike
0-2: Fly out, F7 (Line Drive, 78D)
Batting: RHB Igme Samson 0-0: Ball
1-0: Called Strike
1-1: Foul Ball, location: 2F
1-2: Fly out, F9 (Flyball, 89M)
Bottom of the 4th over - 0 runs, 0 hits, 0 errors, 0 left on base; Columbia 0 - Walla Walla 3
TOP OF THE 5TH
Columbia River Rats batting - Pitching for Walla Walla Walleye : LHP Greguorio Espora
Batting: RHB Shane Seim 0-0: Swinging Strike
0-1: Ball
1-1: Called Strike
1-2: Ball
2-2: Ball
3-2: Strikes out swinging
Batting: RHB Miguel Betancourt 0-0: Ball
1-0: Fly out, F7 (Flyball, 7D)
Batting: LHB Luis Serrano 0-0: Ball
1-0: Ball
2-0: Called Strike
2-1: Ball
3-1: Base on Balls
Batting: LHB DeMarvion Overshown 0-0: Called Strike
0-1: Ball
1-1: Ground out 4-3 (Groundball, 4S)
Top of the 5th over - 0 runs, 0 hits, 0 errors, 1 left on base; Columbia 0 - Walla Walla 3
BOTTOM OF THE 5TH
Walla Walla Walleye batting - Pitching for Columbia River Rats : LHP Larry Duille
Batting: RHB Raúl Maradona 0-0: Ball
1-0: Ball
2-0: Foul Ball, location: 2F
2-1: Foul Ball, location: 2F
2-2: Ball
3-2: Strikes out swinging
Batting: LHB José Román 0-0: Ball
1-0: Ball
2-0: Called Strike
2-1: Ball
3-1: Base on Balls
Batting: RHB Gustavo Ortíz 0-0: SINGLE (Flyball, 89S)
José Román to second
Runner from 2nd tries for 3rd, SAFE, no throw
Batting: LHB Mo Eayrs 0-0: Ball
1-0: Called Strike
1-1: Ball
2-1: Grounds into double play, 4-6-3 (Groundball, 34)
Bottom of the 5th over - 0 runs, 1 hit, 0 errors, 1 left on base; Columbia 0 - Walla Walla 3
TOP OF THE 6TH
Columbia River Rats batting - Pitching for Walla Walla Walleye : LHP Greguorio Espora
Batting: LHB Edgar Castaneda 0-0: Called Strike
0-1: Called Strike
0-2: Strikes out swinging
Batting: RHB Luis Romero 0-0: Ball
1-0: SINGLE (Flyball, 8LS)
Batting: RHB Werner Bowman Pickoff Throw to First - Out!
0-0: Called Strike
0-1: Ball
1-1: Ball
2-1: Swinging Strike
2-2: Ground out 5-3 (Groundball, 56)
Top of the 6th over - 0 runs, 1 hit, 0 errors, 0 left on base; Columbia 0 - Walla Walla 3
BOTTOM OF THE 6TH
Walla Walla Walleye batting - Pitching for Columbia River Rats : LHP Larry Duille
Batting: RHB Jesús Santillian 0-0: Called Strike
0-1: Called Strike
0-2: Ball
1-2: Strikes out swinging
Batting: LHB Andrés Rodríguez 0-0: Ball
1-0: Ground out U3 (Groundball, 34)
Batting: LHB Rurik Elhov 0-0: Ball
1-0: Fly out, F7 (Flyball, 78S)
Bottom of the 6th over - 0 runs, 0 hits, 0 errors, 0 left on base; Columbia 0 - Walla Walla 3
TOP OF THE 7TH
Columbia River Rats batting - Pitching for Walla Walla Walleye : LHP Greguorio Espora
Batting: SHB Jeffery Simpson 0-0: Foul Ball, location: 2F
0-1: Fly out, F3 (Popup, 3SF)
Batting: RHB Tae-gyoon Ch'oe 0-0: Ball
1-0: Foul Ball, location: 2F
1-1: Called Strike
1-2: SINGLE (Flyball, 78S)
Batting: RHB Shane Seim 0-0: Ball
1-0: Fielders Choice at 2nd, 6-4 (Groundball, 6)
Batting: RHB Miguel Betancourt 0-0: Ball
1-0: Called Strike
1-1: Ball
2-1: Foul Ball, location: 2F
2-2: Foul Ball, location: 2F
2-2: SINGLE (Flyball, 8RS)
Shane Seim to second
Runner from 2nd tries for 3rd, SAFE, no throw
Batting: LHB Luis Serrano 0-0: Ball
1-0: Ball
2-0: Swinging Strike
2-1: Fly out, F8 (Flyball, 8RS)
Top of the 7th over - 0 runs, 2 hits, 0 errors, 2 left on base; Columbia 0 - Walla Walla 3
BOTTOM OF THE 7TH
Walla Walla Walleye batting - Pitching for Columbia River Rats : LHP Larry Duille
Batting: RHB Dave Sosa 0-0: Called Strike
0-1: Called Strike
0-2: Ball
1-2: Strikes out swinging
Batting: RHB Igme Samson 0-0: Ball
1-0: Ground out 6-3 (Groundball, 6S)
Batting: RHB Raúl Maradona 0-0: Called Strike
0-1: Ball
1-1: Ball
2-1: Foul Ball, location: 2F
2-2: Foul Ball, location: 2F
2-2: Foul Ball, location: 2F
2-2: Ball
3-2: Strikes out swinging
Bottom of the 7th over - 0 runs, 0 hits, 0 errors, 0 left on base; Columbia 0 - Walla Walla 3
TOP OF THE 8TH
Columbia River Rats batting - Pitching for Walla Walla Walleye : LHP Greguorio Espora
Batting: LHB DeMarvion Overshown 0-0: Called Strike
0-1: Ball
1-1: Ball
2-1: SINGLE (Flyball, 8RS)
Batting: LHB Edgar Castaneda 0-0: Fly out, F4 (Popup, 4S)
Batting: RHB Luis Romero 0-0: Called Strike
0-1: Ball
1-1: SINGLE (Groundball, 5L) (infield hit)
DeMarvion Overshown to second
Batting: RHB Werner Bowman 0-0: Foul Ball, location: 2F
0-1: Ball
1-1: Ball
2-1: Called Strike
2-2: Ball
3-2: Strikes out looking
Batting: SHB Jeffery Simpson 0-0: Foul Ball, location: 2F
0-1: Called Strike
0-2: Ball
1-2: Strikes out swinging
Top of the 8th over - 0 runs, 2 hits, 0 errors, 2 left on base; Columbia 0 - Walla Walla 3
BOTTOM OF THE 8TH
Walla Walla Walleye batting - Pitching for Columbia River Rats : LHP Larry Duille
Pitching: RHP Marvin Sidebottom
Batting: LHB José Román 0-0: Ball
1-0: Swinging Strike
1-1: Ball
2-1: Foul Ball, location: 2F
2-2: Ground out 5-3 (Groundball, 6)
Batting: RHB Gustavo Ortíz 0-0: Called Strike
0-1: Ball
1-1: Swinging Strike
1-2: Ball
2-2: Ball
3-2: Foul Ball, location: 2F
3-2: Foul Ball, location: 2F
3-2: Strikes out swinging
Batting: LHB Mo Eayrs 0-0: Called Strike
0-1: Foul Ball, location: 2F
0-2: Ball
1-2: DOUBLE (Line Drive, 78D)
Batting: RHB Jesús Santillian 0-0: Called Strike
0-1: Called Strike
0-2: Strikes out swinging
Bottom of the 8th over - 0 runs, 1 hit, 0 errors, 1 left on base; Columbia 0 - Walla Walla 3
TOP OF THE 9TH
Columbia River Rats batting - Pitching for Walla Walla Walleye : LHP Greguorio Espora
Pitching: RHP Ainanani Oliwa
Batting: RHB Tae-gyoon Ch'oe 0-0: Called Strike
0-1: Fly out, F7 (Flyball, 78D)
Batting: RHB Shane Seim 0-0: Ball
1-0: Foul Ball, location: 2F
1-1: SINGLE (Flyball, 78S)
Batting: RHB Miguel Betancourt Balk!
Shane Seim to second
0-0: Foul Ball, location: 2F
0-1: Ground out U3 (Groundball, 3)
Shane Seim to third
Batting: LHB Luis Serrano 0-0: Called Strike
0-1: Ball
1-1: Ball
2-1: SINGLE (Groundball, 6D)
Shane Seim scores
Pinch Runner at 1st Javier Cordero:
Batting: LHB DeMarvion Overshown 0-0: Called Strike
0-1: Ball
1-1: Ball
2-1: Swinging Strike
2-2: Ball
3-2: Foul Ball, location: 2F
3-2: Base on Balls
Javier Cordero to second
Batting: LHB Edgar Castaneda 0-0: Fly out, F8 (Flyball, 8RS)
Top of the 9th over - 1 run, 2 hits, 0 errors, 2 left on base; Columbia 1 - Walla Walla 3
Tuesday, June 12th, 2018 - OOTP Baseball 18.8 Build 76